 Dungeon Crawl Stone Soup version 0.26-a0-611-g354ed81502 (webtiles) character file.

Game seed: 7417261442438868838

42 MrRokkomies the Sneak (level 3, 0/24 HPs)
             Began as an Octopode Brigand on Sept 7, 2020.
             Slain by an adder (2 damage)
             ... on level 2 of the Dungeon.
             The game lasted 00:02:04 (934 turns).

MrRokkomies the Sneak (Octopode Brigand)             Turns: 934, Time: 00:02:05

Health: 0/24       AC:  1    Str: 10    XL:     3   Next: 56%
Magic:  3/3        EV: 13    Int: 14    God:
Gold:   38         SH:  0    Dex: 13    Spells: 2/2 levels left

rFire    . . .     SeeInvis .   a - +2 dagger
rCold    . . .     Faith    .   (no shield)
rNeg     . . .     Spirit   .   (helmet restricted)
rPois    .         Reflect  .   (no amulet)
rElec    .         Harm     .   (no ring)
rCorr    .                      (no ring)
MR       .....                  (no ring)
Stlth    ++++......             (no ring)
HPRegen  0.08/turn              (no ring)
MPRegen  0.08/turn              (no ring)
                                (no ring)
                                (no ring)

@: lethally poisoned (0 -> -5)
A: almost no armour, stealthy swim, amphibious, 8 rings, constrict 8, camouflage
1, gelatinous body 1
a: no special abilities


You were on level 2 of the Dungeon.
You visited 1 branch of the dungeon, and saw 2 of its levels.

You collected 38 gold pieces.

Inventory:

Hand Weapons
 a - a +2 dagger (weapon)
Missiles
 b - 5 poisoned darts (quivered)
 c - 2 curare-tipped darts
Scrolls
 e - a scroll of remove curse {unknown}
 f - 2 scrolls of identify {unknown}
 j - a scroll of magic mapping {unknown}
Potions
 d - a potion of magic
 g - a potion of might {unknown}
 h - a potion of lignification {unknown}
 i - a potion of curing {unknown}
 k - a potion of flight {unknown}


   Skills:
 + Level 2.3 Fighting
 * Level 2.7 Short Blades
 + Level 2.4 Throwing
 * Level 2.0 Dodging
 - Level 5.3 Stealth


You had 2 spell levels left.
You didn't know any spells.
Your spell library was empty.

Dungeon Overview and Level Annotations

Branches:
Dungeon (2/15)

Altars:

Annotations:
D:2 Robin


Innate Abilities, Weirdness & Mutations

You cannot wear most types of armour.
You are very stealthy in the water. (Stealth+)
You are amphibious.
You can wear up to eight rings at the same time.
You can use your tentacles to constrict eight enemies at once.
Your skin changes colour to match your surroundings (Stealth+).
Your rubbery body absorbs attacks. (AC +1, EV +1)


Message History

The poisoned dart closely misses the adder.
The poisoned dart closely misses the goblin.
The adder misses you.
Throwing (i - inventory. (/) - cycle)
b - 6 poisoned darts (quivered)
Press: ? - help, Shift-Dir - straight line, f/p - adder
Aim: an adder (heavily wounded, poisoned)
You throw a poisoned dart. The poisoned dart misses the adder.
The poisoned dart closely misses the goblin.
You feel sick. The adder barely misses you.
Unknown command.
You closely miss the adder. You grab the adder.
The adder is heavily wounded.
You constrict the adder. The adder bites you.
* * * LOW HITPOINT WARNING * * *
Unknown command.
It was a potion of magic.
Magic courses through your body.
You constrict the adder.
* * * LOW HITPOINT WARNING * * *
You feel sick. The adder bites you.
You die...

##.....# ##.#...##
......(# ####....### .
#.....####....########
..^#.....#....#.....#....
#....##...###..)........
#....###............
#.#g## #............
#..g.#S# #............
......###@# #....>.......
.##.......# #............
#..#..)..# #............
...##......
.............. ###
#......###.....##.####
#....#.. #.....##†# #....
#........##.# #....
###.....#.<# ####....
#.##


You could see an adder (poisoned) and a goblin.

Vanquished Creatures
  An adder (D:2)
  An ooze (D:1)
  2 dart slugs (D:1)
  A leopard gecko (D:1)
  5 giant cockroaches (D:1)
  2 hobgoblins
  2 jackals (D:1)
  3 bats (D:1)
  A frilled lizard (D:1)
  A kobold (D:1)
  6 rats (D:1)
25 creatures vanquished.

Notes
Turn   | Place    | Note
-------+----------+-------------------------------------------
     0 | D:1      | MrRokkomies the Octopode Brigand began the quest for the
                  | Orb.
     0 | D:1      | Reached XP level 1. HP: 14/14 MP: 1/1
     1 | D:1      | Found a runed translucent door.
   175 | D:1      | Reached XP level 2. HP: 19/19 MP: 2/2
   640 | D:1      | Reached XP level 3. HP: 15/24 MP: 3/3
   795 | D:2      | Noticed Robin
   934 | D:2      | Slain by an adder

Illustrated notes

Levels and vault maps discovered:
D:1:      dpeg_arrival_caged_fury, layout_basic, item_on_display_a
D:2:      layout_rooms, chequers_ecumenical_altar_simple,
          chequers_serial_rivers_micro_a, uniq_robin, uniq_sigmund

Skill      XL: |  1  2  3 |
---------------+----------+-----
Dodging        | 2 |  2.0
Fighting       | |  2.3
Short Blades   | |  2.7
Throwing       | |  2.4
Stealth        | |  5.3

Action                   || total
-------------------------++-------
Melee: Dagger            ||    48
       Constrict         ||    14
       Tentacles         ||    10
Throw: Dart              ||     3
  Use: Potion            ||     1
 Stab: Sleeping          ||     8
Dodge: Dodged            ||    35

Table legend: (Time is in decaauts)
 A = Elapsed time spent in this place.
 B = Non-inter-level travel time spent in this place.
 C = Inter-level travel time spent in this place.
 D = Time resting spent in this place.
 E = Time spent auto-exploring this place.
 F = Levels seen in this place.
 G = Mean time per level.
                   A        B        C        D        E       F      G
               +--------+--------+--------+--------+--------+-----+--------+
         Total |    928 |    892 |     36 |    222 |    515 |   2 |  464.0 |
       Dungeon |    928 |    892 |     36 |    222 |    515 |   2 |  464.0 |
               +--------+--------+--------+--------+--------+-----+--------+

Top non-repeatable levels by time:
     D:1: 822 daAuts
     D:2: 105 daAuts
